 Dungeon Crawl Stone Soup version 0.22.1-1-ga44c0e56f4 (webtiles) character file.

24 LLavrengius the Sneak (level 2, 0/13 HPs)
             Began as a Spriggan Enchanter on Oct 17, 2018.
             Succumbed to an adder's poison
             ... on level 2 of the Dungeon.
             The game lasted 00:03:15 (997 turns).

LLavrengius the Sneak (Spriggan Enchanter)           Turns: 997, Time: 00:03:15

Health: 0/13       AC:  2    Str:  4    XL:     2   Next: 79%
Magic:  3/6        EV: 18    Int: 16    God:
Gold:   67         SH:  0    Dex: 16    Spells: 3/6 levels left

rFire    . . .     SeeInvis +   a - +1 dagger
rCold    . . .     Gourm    .   (shield restricted)
rNeg     . . .     Faith    .   b - +0 robe
rPois    .         Spirit   .   (helmet restricted)
rElec    .         Reflect  .   (no cloak)
rCorr    .         Harm     .   (gloves unavailable)
MR       .....                  (boots unavailable)
Stlth    +++.......             e - amulet of magic regeneration
HPRegen  0.04/turn              (no ring)
MPRegen  0.35/turn              (no ring)

@: lethally poisoned (0 -> -7), very slightly contaminated, very quick
A: very small, unfitting armour, see invisible, herbivore, speed 3, slow
metabolism 2
a: no special abilities


You were on level 2 of the Dungeon.
You were not hungry.

You visited 1 branch of the dungeon, and saw 2 of its levels.

You collected 67 gold pieces.

Inventory:

Hand Weapons
 a - a +1 dagger (weapon)
Missiles
 i - 17 sling bullets
 n - 24 stones (quivered)
Armour
 b - a +0 robe (worn)
Jewellery
 e - an amulet of magic regeneration (around neck)
 o - an uncursed amulet of faith {unknown}
Scrolls
 f - 2 scrolls of blinking {unknown}
 h - 3 scrolls of remove curse {unknown}
 j - a scroll of identify {unknown}
 m - a scroll of immolation {unknown}
Potions
 c - a potion of magic {unknown}
 g - a potion of curing {unknown}
 k - a potion of mutation {unknown}
 l - a potion of heal wounds {unknown}
Comestibles
 d - 5 rations


   Skills:
 * Level 2.6 Short Blades
 - Level 3.0 Dodging
 + Level 5.0 Stealth
 - Level 2.6 Spellcasting
 - Level 3.6 Hexes


You had 3 spell levels left.
You knew the following spells:

 Your Spells              Type           Power        Failure   Level  Hunger
a - Corona                Hex            ##.....      4%          1    #......
b - Ensorcelled Hibernat  Hex/Ice        #.....       14%         2    ##.....

Your spell library contained the following spells:

 Spells                   Type           Power        Failure   Level  Hunger
 Confuse                  Hex            ##......     13%         3    ###....
 Tukima's Dance           Hex            ##......     13%         3    ###....
 Dazzling Spray           Conj/Hex       #.....       28%         3    ###....


Dungeon Overview and Level Annotations

Branches:
Dungeon (2/15)

Altars:


Innate Abilities, Weirdness & Mutations

You are very small and have problems with some larger weapons.
You are too small for most types of armour.
You have supernaturally acute eyesight. (SInv)
You are a herbivore.
You cover ground extremely quickly.
You need to consume almost no food.


Message History

You hit the adder.
The adder is severely wounded.
You feel sick. The adder bites you but does no damage.
You closely miss the adder.
The adder is severely wounded.
The adder bites you.
* * * LOW HITPOINT WARNING * * *
You miss the adder.
The adder is severely wounded.
* * * LOW HITPOINT WARNING * * *
You feel sick. The adder misses you.
You barely miss the adder.
The adder is severely wounded.
The adder closely misses you.
You barely miss the adder.
The adder is severely wounded.
The adder barely misses you.
You hit the adder.
The adder is almost dead.
You die...

#...#...# #.
#####...# ..
#...##### #.#
##.#.......# #.g
........#.## ..
....###....# #.
#### ##.#.#
######.#########
#.###
#...........S@.#
#.###
#..S.[..######.#
#...# #.......#
#.#####.#
#.......#
#.......#
#.......#
#########
#.......#
#.......#
#..g....#
#.......#


You could see an adder.

Vanquished Creatures
  2 leopard geckos (D:1)
  2 bats (D:1)
  3 giant cockroaches
  A goblin (D:2)
  3 hobgoblins (D:1)
  5 kobolds (D:1)
  A frilled lizard (D:1)
  3 rats (D:1)
20 creatures vanquished.

Notes
Turn   | Place    | Note
-------+----------+-------------------------------------------
     0 | D:1      | LLavrengius the Spriggan Enchanter began the quest for the
                  | Orb.
     0 | D:1      | Reached XP level 1. HP: 9/9 MP: 5/5
   183 | D:1      | Reached XP level 2. HP: 13/13 MP: 6/6
   187 | D:1      | Learned a level 2 spell: Ensorcelled Hibernation
   733 | D:1      | Reached skill level 5 in Stealth
   997 | D:2      | Succumbed to an adder's poison

Skill      XL: |  1  2 |
---------------+-------+-----
Short Blades   | 2 |  2.6
Stealth        | 5 |  5.0
Dodging        | |  3.0
Spellcasting   | |  2.6
Hexes          | |  3.6

Action                   || total
-------------------------++-------
Melee: Dagger            ||    84
 Cast: Corona            ||     4
       Ensorcelled Hiber ||     6
 Stab: Sleeping          ||     8
Armor: Robe              ||     8
Dodge: Dodged            ||    72
